[Event "TN Honra 2025-26"]
[Site "Pombal POR"]
[Date "2025.12.23"]
[Round "9.2"]
[White "Ribeiro, Gustavo"]
[Black "Fidalgo, Andre Neves"]
[Result "1-0"]
[WhiteElo "2265"]
[WhiteTitle "FM"]
[WhiteFideId "1941852"]
[BlackElo "2228"]
[BlackTitle "NM"]
[BlackFideId "1933620"]
[TimeControl "90+30"]
[ECO "D76"]

1. Nf3 Nf6 2. g3 g6 3. Bg2 Bg7 4. O-O O-O 5. c4 d5 6. cxd5 Nxd5 7. d4 Nb6 8. Nc3 Nc6 9. d5 Bxc3 10. dxc6 Bg7 11. cxb7 Bxb7 12. Qc2 Bd5 13. e4 Bb7 14. Be3 Qd7 15. Rfd1?! Qa4 16. Qxa4 Nxa4 17. Bd4 Rfd8 18. Bxg7 Kxg7 19. Rdc1 Rac8 20. Ne5 c5 21. Rc2 Rd4 22. f3 f6 23. Nc4 Ba6 24. Ne3 Bd3 25. Rf2 c4 26. Nd5 e5 27. Rc1 Nb6 28. Nc3 a5 29. Rd2 a4 30. Nb5 Rdd8 31. Na3 Rd4 32. h4 f5 33. Kf2 fxe4 34. fxe4 Rf8+ 35. Ke3?? Nd7 36. Nb5?! Nf6 37. Bf3?? Ng4+ 1-0

[Event "TN Honra 2025-26"]
[Site "Pombal POR"]
[Date "2025.12.23"]
[Round "9.3"]
[White "Ferreira, Luis Pedro"]
[Black "Farias, David Nuno M E"]
[Result "1-0"]
[WhiteElo "2225"]
[WhiteTitle "NM"]
[WhiteFideId "1925393"]
[BlackElo "2252"]
[BlackTitle "NM"]
[BlackFideId "1955004"]
[TimeControl "90+30"]
[ECO "A34"]

1. Nf3 Nf6 2. c4 c5 3. Nc3 d5 4. d4?! cxd4 5. Nxd5 Nxd5 6. cxd5 Qxd5 7. Qxd4 Qxd4 8. Nxd4 a6 9. g3 e5 10. Nb3 a5 11. Be3 Nd7?! 12. Bg2 Bb4+ 13. Nd2 Rb8 14. O-O b6 15. Rac1 Ba6 16. Nc4 Ke7 17. a3 Bxc4 18. Rxc4 Bc5 19. Bxc5+?! Nxc5 20. b4 axb4 21. axb4 Ne6 22. Ra1 Rhd8 23. e3 Rd6 24. Rc6 Rxc6 25. Bxc6 Kd6 26. b5 Nc7 27. Ra7 f5 28. h4 g6 29. Kg2 h6 30. e4 fxe4 31. Bxe4 Nxb5 32. Rh7 Nc3 33. Bxg6 b5 34. Rxh6 b4 35. Bf7+ Kc5 36. Re6 Kd4?? 37. Rd6+ Kc5 38. Rd3?? e4 39. Rd2 b3 40. Rb2 Nd1?? 41. Rxb3 Rf8 42. Rb7 Kd6 43. g4 Ke5 44. Kg3 Nc3 45. g5 Kf5 46. Bh5 Ke5 47. Re7+ Kd6 48. Rf7 Rh8 49. Bg6 Ke6 50. Rf6+ Ke5 51. h5 Ne2+ 52. Kg4 Rd8 53. Rf5+ Ke6 54. Bf7+ Ke7 55. Bc4 1-0

[Event "TN Honra 2025-26"]
[Site "Pombal POR"]
[Date "2025.12.23"]
[Round "9.4"]
[White "Ribeiro, Rodrigo"]
[Black "Santos, Antonio P"]
[Result "1-0"]
[WhiteElo "2144"]
[WhiteTitle "FM"]
[WhiteFideId "1938398"]
[BlackElo "2147"]
[BlackTitle "FM"]
[BlackFideId "1900161"]
[TimeControl "90+30"]
[ECO "D86"]

1. d4 Nf6 2. c4 g6 3. Nc3 d5 4. cxd5 Nxd5 5. e4 Nxc3 6. bxc3 Bg7 7. Bc4 c5 8. Ne2 Nc6 9. Be3 O-O 10. O-O b6 11. Qd2 Bb7 12. Rab1 Rc8 13. Rfc1 e6 14. f3 Rc7 15. Bg5 Qc8 16. d5?! Na5?! 17. Bb5 exd5 18. exd5 f6 19. Bf4 Rcf7 20. c4 g5 21. Be3 h6 22. Qd3 f5 23. Bd2 Ba6? 24. Bxa5 bxa5 25. Bxa6 Qxa6 26. Re1 Rb7 27. Rxb7 Qxb7 28. Ng3 Bd4+ 29. Kh1 Qb4 30. Qe2 Qb6 31. Qe7 Bc3?! 32. Rd1 Rf7?! 33. Qe8+?! Rf8 34. Qe7 Rf7?! 35. Qe6 Bd4?! 36. d6 1-0